AoeStats
← NDF

Arabia

507869463Analyzed
2v2 RM · 12d ago on Sep 20, 2026· 51m 17s· 4 players
Game mode
Random Map
Map size
Medium (4 player)
Population
200
Speed
Normal
Resources
Standard
Victory
Conquest
Starting age
Dark Age
Ending age
Imperial Age
RankedLock teamsTeams togetherTeam positionsShared explorationLock speedFull tech treeHidden civsTurbo modeCheats
Victory
Defeat
🇦🇷 Teutons · Argentina
704
+18
🇦🇷 Spanish · Argentina
704
+18
🇨🇱 Turks · Chile
765
-18
🇦🇷 Ethiopians · Argentina
744
-25
OSAKA
9:15 Loom
11:00 Feudal Age
17:31 Castle Age
17:01 Double-Bit Axe
17:04 Horse Collar
24:31 Wheelbarrow
24:08 Bow Saw
24:26 Crossbowman
25:10 Heavy Plow
25:17 Padded Archer Armor
25:07 Fletching
26:53 Thumb Ring
27:26 Hand Cart
27:32 Hand Cart
29:32 Ballistics
30:30 Gold Mining
33:54 Leather Archer Armor
33:35 Bodkin Arrow
34:31 Gold Shaft Mining
39:57 Imperial Age
42:00 Torsion Engines
41:25 Onager
41:47 Arbalester
43:37 Chemistry
43:12 Ring Archer Armor
42:43 Bracer
42:36 Capped Ram
49:45 Siege Onager
Gusso
0:57 Loom
11:08 Feudal Age
11:48 Double-Bit Axe
20:47 Castle Age
20:01 Horse Collar
20:42 Bloodlines
20:56 Arson
22:08 Husbandry
26:47 Wheelbarrow
27:36 Scale Barding Armor
33:50 Imperial Age
33:30 Fletching
33:50 Forging
33:41 Scale Mail Armor
34:01 Chain Barding Armor
33:46 Squires
34:10 Ballistics
33:54 Stone Mining
38:24 Hand Cart
38:56 Bombard Tower
39:05 Conscription
39:25 Heavy Camel Rider
40:09 Gold Mining
42:31 Bodkin Arrow
45:05 Bracer
47:56 Padded Archer Armor
48:32 Plate Barding Armor
NDF
3:05 Loom
14:08 Feudal Age
14:45 Man-at-Arms
22:19 Castle Age
20:30 Double-Bit Axe
20:27 Horse Collar
20:41 Gold Mining
22:12 Stone Mining
22:37 Scale Mail Armor
22:38 Padded Archer Armor
22:29 Fletching
22:50 Forging
22:47 Scale Barding Armor
24:29 Crossbowman
25:26 Heavy Plow
26:44 Arson
26:59 Squires
28:29 Bloodlines
30:34 Stone Shaft Mining
30:43 Iron Casting
32:18 Chain Mail Armor
34:13 Pikeman
41:26 Imperial Age
39:44 Wheelbarrow
38:53 Elite Skirmisher
41:45 Masonry
42:08 Capped Ram
44:02 Elite Teutonic Knight
50:16 Ironclad
estebanpa
3:17 Loom
11:38 Feudal Age
12:28 Horse Collar
12:37 Double-Bit Axe
14:43 Gold Mining
16:45 Stone Mining
24:20 Castle Age
22:55 Bloodlines
22:56 Scale Barding Armor
24:24 Scale Mail Armor
24:35 Forging
25:39 Wheelbarrow
25:27 Bow Saw
25:21 Heavy Plow
25:26 Squires
24:47 Pikeman
28:27 Stone Shaft Mining
27:54 Gambesons
27:30 Man-at-Arms
28:35 Chain Barding Armor
28:32 Chain Mail Armor
28:52 Iron Casting
28:26 Guard Tower
30:14 Long Swordsman
36:06 Imperial Age
37:34 Onager
38:57 Supremacy
38:38 Inquisition
39:16 Hoardings
39:02 Cavalier
40:35 Plate Barding Armor
40:30 Plate Mail Armor
41:01 Blast Furnace
39:31 Two-Handed Swordsman
39:32 Halberdier
41:37 Paladin
47:19 Hand Cart
46:50 Town Watch
Connection lost

Rejoining the realm…

Still unreachable

The connection could not be restored.

Session expired

The server has moved on; the page needs a fresh start.